 Dungeon Crawl Stone Soup version 0.31-a0-188-g5e087ee2ca (webtiles) character file.

Game seed: 8392665124628973915

11055 IdlyInterested the Fighter (level 11, -24/93 HPs)
             Began as a Demonspawn Fighter on June 23, 2023.
             Annihilated by a death knight
             ... wielding a +0 halberd
              (27 damage)
             ... on level 10 of the Dungeon.
             The game lasted 00:27:57 (9887 turns).

IdlyInterested the Fighter (Demonspawn Fighter)     Turns: 9887, Time: 00:27:57

Health: -24/93     AC: 13    Str: 17    XL:     11   Next: 44%
Magic:  11/11      EV: 16    Int: 13    God:
Gold:   594        SH:  0    Dex: 23    Spells: 10/10 levels left

rFire   . . .        O - +0 scimitar
rCold   + + .        (no shield)
rNeg    . . .        G - +1 leather armour of Inviolability {rElec rC+ Regen+}
rPois   .            J - +0 helmet
rElec   +            P - +1 cloak of the Morning Star {rC+ Int+4}
rCorr   .            (gloves unavailable)
SInv    .            (no boots)
Will    .....        t - amulet of the acrobat
Stlth   ++           K - +4 ring of protection
HPRegen 1.15/turn    z - +6 ring of dexterity
MPRegen 0.12/turn

%: acrobat
@: no status effects
A: claws 3, yellow scales 1, spiny 2
a: no special abilities


You were on level 10 of the Dungeon.
You visited 2 branches of the dungeon, and saw 11 of its levels.

You collected 594 gold pieces.

Inventory:

Hand Weapons
 a - a +0 long sword
 j - a +0 short sword
 O - a +0 scimitar (weapon)
Missiles
 d - 7 throwing nets
 e - 24 stones (quivered)
 i - 8 boomerangs
 k - 2 javelins
 Q - 13 poisoned darts
 S - 5 curare-tipped darts
Armour
 c - a +0 buckler
 G - the +1 leather armour of Inviolability (worn) {rElec rC+ Regen+}
   (You found it on level 9 of the Dungeon)

   rC:        It protects you from cold.
   rElec:     It insulates you from electricity.
   Regen:     It increases your rate of health regeneration.
 J - a +0 helmet (worn)
 P - the +1 cloak of the Morning Star (worn) {rC+ Int+4}
   (You found it on level 9 of the Dungeon)

   Int:       It affects your intelligence (+4).
   rC:        It protects you from cold.
Magical Staves
 o - a staff of air
Jewellery
 b - a ring of see invisible
 g - an amulet of magic regeneration
 r - a +5 ring of evasion
 t - an amulet of the acrobat (around neck)
 y - a ring of positive energy
 z - a +6 ring of dexterity (right claw)
 B - a ring of wizardry
 C - a ring of protection from fire
 H - a ring of resist corrosion
 I - an amulet of guardian spirit
 K - a +4 ring of protection (left claw)
Wands
 h - a wand of flame (10)
 q - a wand of charming (5)
 N - a wand of polymorph (7)
 T - a wand of mindburst (9)
 V - a wand of roots (5)
Scrolls
 f - a scroll of blinking {unknown}
 l - a scroll of fear {unknown}
 m - 4 scrolls of fog {unknown}
 s - a scroll of teleportation
 v - 4 scrolls of poison {unknown}
 x - a scroll of acquirement {unknown}
 A - a scroll of torment {unknown}
 D - a scroll of revelation {unknown}
 E - 2 scrolls of enchant armour {unknown}
 F - 4 scrolls of immolation
 R - a scroll of enchant weapon {unknown}
Potions
 n - a potion of ambrosia {unknown}
 p - 4 potions of lignification
 u - a potion of attraction
 w - a potion of magic
 M - a potion of haste {unknown}
 U - a potion of degeneration {unknown}


   Skills:
 + Level 11.0 Fighting
 + Level 10.0 Long Blades
 - Level 2.0 Throwing
 - Level 3.0 Armour
 + Level 6.3 Dodging
 - Level 1.0 Stealth
 - Level 3.0 Shields
 - Level 6.0 Unarmed Combat
 - Level 2.0 Evocations


You had 10 spell levels left.
You didn't know any spells.
Your spell library contained the following spells:

 Spells                   Type           Power      Damage    Failure   Level
 Freeze                   Ice            0%         1d3       36%         1
 Necrotise                Necr           0%         1d4       36%         1
 Cigotuvi's Dreadful Rot  Necr/Pois/Air  0%         N/A       50%         2
 Ensorcelled Hibernation  Hex/Ice        0%         N/A       50%         2
 Call Canine Familiar     Summ           0%         N/A       73%         3
 Frozen Ramparts          Ice            0%         1d1       73%         3
 Hailstorm                Conj/Ice       0%         3d3       73%         3
 Portal Projectile        Hex/Tloc       0%         N/A       73%         3
 Spider Form              Tmut/Pois      0%         N/A       73%         3
 Summon Guardian Golem    Hex/Summ       0%         N/A       73%         3
 Vampiric Draining        Necr           0%         2d6       73%         3
 Anguish                  Hex/Necr       0%         N/A       98%         4
 Dispel Undead            Necr           0%         3d6       98%         4
 Leda's Liquefaction      Hex/Erth       0%         N/A       98%         4
 Agony                    Necr           0%         N/A       100%        5
 Iskenderun's Battlesphe  Conj           0%         2d6       100%        5
 Death Channel            Necr           0%         N/A       100%        6
 Leda's Unmaking          Conj/Erth      0%         9d1       100%        6
 Malign Gateway           Summ/Tloc      0%         N/A       100%        7
 Orb of Destruction       Conj           0%         9d5       100%        7
 Spellforged Servitor     Conj/Summ      0%         N/A       100%        7
 Summon Horrible Things   Summ           0%         N/A       100%        8


Dungeon Overview and Level Annotations

Branches:
Dungeon (10/15)            Temple (1/1) D:6             Orc (0/2) D:9
   Lair: D:8-11

Altars:
Ashenzari
Cheibriados
Dithmenos
Fedhas
Gozag
Hepliaklqana
Kikubaaqudgha
Makhleb
Nemelex Xobeh
Okawaru
Qazlal
Ru
Sif Muna
Trog
Uskayaw
Vehumet
Wu Jian
Xom
Yredelemnul

Shops:
D:2 (   D:5 (   D:7 *


Innate Abilities, Weirdness & Mutations

You have claws for hands.
You are partially covered in yellow scales. (AC +2)
You are mostly covered in sharp spines.


Message History

You kill the centaur warrior!
The boulder beetle curls into a ball and begins rolling!
The death knight hits you from afar with a +0 halberd!!
* * * LOW HITPOINT WARNING * * *
Your Fighting skill increases to level 11!
Your Long Blades skill increases to level 10!
You miss the rakshasa.
The rakshasa is moderately wounded.
The death knight misses you.
The boulder beetle stops rolling and uncurls.
The rakshasa hits you with a +0 long sword.
* * * LOW HITPOINT WARNING * * *
Unknown command.
Okay, then.
Aiming: Bolt of Light
Press: ? - help, Shift-Dir - straight line, f - slime creature
Aim: a slime creature (94% to hit)
The bolt of light hits the rakshasa.
The rakshasa is moderately wounded.
The rakshasa is blinded.
The bolt of light hits the tengu warrior!
The tengu warrior is moderately wounded.
The tengu warrior is blinded.
The bolt of light hits the wight.
The wight is moderately damaged.
The wight is blinded.
The bolt of light hits the slime creature!
The slime creature is moderately wounded.
The now-empty wand crumbles to dust.
The rakshasa is struck by your spines. The rakshasa completely misses you.
The death knight hits you from afar with a +0 halberd.
* * * LOW HITPOINT WARNING * * *
You barely miss the rakshasa.
The rakshasa is moderately wounded.
The rakshasa hits you but does no damage.
The death knight closely misses you.
You barely miss the rakshasa.
The rakshasa is moderately wounded.
The rakshasa closely misses you.
The death knight hits you from afar with a +0 halberd!!
You die...

#......# #...#..#####..
#......#.......
#......#.......
#.##...#....... #......#
.....# #......# ...# #
#......####+#.##Q##eB.
#...........#.@RQ.Jz8.
#...........#.##p##z..
#...........#.# #
#...........#.## ##
#...........#..## ..
#.........[.#...## #.#
#....#####'##....###.### #
#.##.#..........##.....##
#.
#.##.#.........##.......##
#..


You could see a death knight, a boulder beetle, a rakshasa (blind), a slime
creature, 2 tengu warriors, a deep elf pyromancer and 2 wights.

Vanquished Creatures
  An ogre mage (D:10)
  2 centaur warriors (D:10)
  A boulder beetle (D:10)
  2 two-headed ogres
  A skeletal warrior (D:10)
  Pikel (D:4)
  A cyclops (D:10)
  2 trolls (D:10)
  A hornet (D:10)
  A wraith (D:10)
  5 vampire mosquitoes (D:10)
  3 wyverns
  4 yaks (D:5)
  A steam dragon (D:8)
  The ghost of juan097 the Magician, an amateur DjHW (D:4)
  A water moccasin (D:6)
  An acid dragon (D:10)
  2 orc warriors (D:9)
  2 black bears
  2 sky beasts
  An ice beast (D:5)
  An ogre (D:8)
  5 centaurs
  2 kobold brigands
  A phantom (D:5)
  A gnoll sergeant (D:7)
  4 scorpions
  2 bullfrogs
  10 killer bees
  2 howler monkeys (D:7)
  6 hounds
  4 orc priests
  5 jellies
  2 gnoll boudas
  2 iguanas
  15 orc wizards
  16 gnolls
  5 adders
  2 white imps
  An ufetubus (D:4)
  A worm (D:2)
  2 dart slugs (D:2)
  30 orcs
  6 bats
  11 endoplasms
  2 giant cockroaches
  2 goblins
  4 hobgoblins
  7 jackals
  7 quokkas
  2 ball pythons
  10 kobolds
  5 rats
211 creatures vanquished.

Vanquished Creatures (others)
  A manticore (D:10)
1 creature vanquished.

Grand Total: 212 creatures vanquished

Notes
Turn   | Place    | Note
-------+----------+-------------------------------------------
     0 | D:1      | IdlyInterested the Demonspawn Fighter began the quest for
                  | the Orb.
     0 | D:1      | Reached XP level 1. HP: 18/18 MP: 1/1
    14 | D:1      | You fall into a shaft and drop 1 floor!
   205 | D:2      | Gained mutation: You are partially covered in sharp spines.
                  | [demonic ancestry]
   205 | D:2      | Reached XP level 2. HP: 20/24 MP: 2/2
   654 | D:1      | Reached skill level 1 in Dodging
   821 | D:1      | Gained mutation: You have sharp fingernails. [demonic
                  | ancestry]
   821 | D:1      | Reached XP level 3. HP: 28/29 MP: 3/3
  1114 | D:2      | Found Zisul's Antique Weapon Shoppe.
  2178 | D:3      | Reached skill level 1 in Throwing
  2277 | D:3      | Found a broken altar of Ashenzari.
  3016 | D:3      | Reached XP level 4. HP: 35/35 MP: 4/4
  3194 | D:4      | Reached skill level 1 in Evocations
  3200 | D:4      | Reached skill level 1 in Stealth
  3444 | D:4      | Gained mutation: You have very sharp fingernails. [demonic
                  | ancestry]
  3444 | D:4      | Reached XP level 5. HP: 29/42 MP: 5/5
  3446 | D:4      | Reached skill level 4 in Fighting
  3446 | D:4      | Reached skill level 1 in Unarmed Combat
  3709 | D:4      | Noticed Pikel
  3709 | D:4      | Noticed a lemure
  3713 | D:4      | Noticed a lemure
  3714 | D:4      | Noticed a lemure
  3719 | D:4      | Noticed a lemure
  3727 | D:4      | Killed Pikel
  3728 | D:4      | Reached skill level 5 in Fighting
  3728 | D:4      | Gained mutation: You are partially covered in yellow
                  | scales. (AC +2) [demonic ancestry]
  3728 | D:4      | Reached XP level 6. HP: 42/51 MP: 6/6
  3728 | D:4      | Gained mutation: You are mostly covered in sharp spines.
                  | [demonic ancestry]
  3728 | D:4      | Reached XP level 7. HP: 46/56 MP: 7/7
  3928 | D:4      | Found a runed translucent door.
  3929 | D:4      | Noticed juan097's ghost (amateur DjHW)
  3941 | D:4      | Killed juan097's ghost
  4036 | D:5      | Entered Level 5 of the Dungeon
  4049 | D:5      | Reached skill level 5 in Long Blades
  4125 | D:5      | Found Ovownida's Antique Weapon Shoppe.
  4242 | D:5      | Reached skill level 6 in Fighting
  4242 | D:5      | Reached XP level 8. HP: 59/64 MP: 8/8
  4527 | D:5      | Reached skill level 7 in Fighting
  4805 | D:5      | Reached XP level 9. HP: 72/72 MP: 9/9
  5066 | D:6      | Found a staircase to the Ecumenical Temple.
  5098 | Temple   | Entered the Ecumenical Temple
  5461 | D:6      | Reached skill level 5 in Dodging
  5915 | D:6      | Found a radiant altar of Vehumet.
  5917 | D:6      | Found a hazy altar of Hepliaklqana.
  5921 | D:6      | Found an iron altar of Okawaru.
  5921 | D:6      | Found a shimmering altar of Xom.
  5921 | D:6      | Found a basalt altar of Yredelemnul.
  5922 | D:6      | Found an ancient bone altar of Kikubaaqudgha.
  5923 | D:6      | Found a stormy altar of Qazlal.
  5926 | D:6      | Found a sparkling altar of Nemelex Xobeh.
  6079 | D:6      | Found a shimmering blue altar of Sif Muna.
  6079 | D:6      | Found a blossoming altar of Fedhas.
  6316 | D:7      | Reached skill level 8 in Fighting
  6623 | D:7      | Found Joedwu's General Store.
  6977 | D:8      | Noticed a two-headed ogre
  6990 | D:8      | Killed a two-headed ogre
  7139 | D:8      | Reached XP level 10. HP: 75/82 MP: 10/10
  7277 | D:8      | Reached skill level 9 in Fighting
  7324 | D:8      | Found a shadowy altar of Dithmenos.
  8182 | D:9      | Found a staircase to the Orcish Mines.
  8515 | D:9      | Noticed a two-headed ogre
  8526 | D:9      | Killed a two-headed ogre
  8527 | D:9      | Reached skill level 5 in Unarmed Combat
  8744 | D:9      | Identified the +1 leather armour of Inviolability {rElec
                  | rC+ Regen+}
  8746 | D:9      | Identified the +1 cloak of the Morning Star {rC+ Int+4}
  9176 | D:10     | Entered Level 10 of the Dungeon
  9242 | D:10     | Reached skill level 10 in Fighting
  9340 | D:10     | Noticed a cyclops
  9349 | D:10     | Killed a cyclops
  9522 | D:10     | Gained mutation: You have claws for hands. [demonic
                  | ancestry]
  9522 | D:10     | Reached XP level 11. HP: 91/92 MP: 11/11
  9648 | D:10     | Noticed a skeletal warrior
  9669 | D:10     | Killed a skeletal warrior
  9682 | D:10     | Noticed an ogre mage
  9689 | D:10     | Killed an ogre mage
  9706 | D:10     | Found a stormy altar of Qazlal.
  9707 | D:10     | Found a hide-covered altar of Uskayaw.
  9708 | D:10     | Found a snail-covered altar of Cheibriados.
  9708 | D:10     | Found a shimmering altar of Xom.
  9857 | D:10     | Noticed a death knight
  9857 | D:10     | Noticed a centaur warrior
  9857 | D:10     | Noticed a boulder beetle
  9858 | D:10     | Noticed a rakshasa
  9858 | D:10     | Noticed a boulder beetle
  9859 | D:10     | Noticed a tengu warrior
  9860 | D:10     | Noticed a centaur warrior
  9867 | D:10     | Killed a centaur warrior
  9876 | D:10     | Noticed a deep elf pyromancer
  9877 | D:10     | Killed a boulder beetle
  9883 | D:10     | Killed a centaur warrior
  9884 | D:10     | Reached skill level 11 in Fighting
  9884 | D:10     | Reached skill level 10 in Long Blades
  9884 | D:10     | HP: 1/93 [rakshasa/+0 long sword (6)]
  9887 | D:10     | Annihilated by a death knight

Illustrated notes

Levels and vault maps discovered:
D:1:      dpeg_chamrin_arrival_tetris, layout_basic, minmay_split_cup_small
D:2:      layout_basic, serial_shops, shop
D:3:      layout_basic, overflow_temple_1_default,
          nicolae_kite_square_tiling_tiny
D:4:      layout_cave_pools, ebering_ghost_reflecting_pool,
          minmay_a_box_with_orc_wizards_in_it, uniq_pikel
D:5:      layout_basic, serial_shops, shop_fountains
D:6:      minmay_recursive_quarters, layout_basic, minitemple,
          gammafunk_temple_overflow_statue, minmay_temple_entry_purple_smoke
D:7:      layout_cave_pools, serial_shops, nicolae_shop_pleasant_corner_grove
D:8:      layout_cave_pools, overflow_temple_1_default, grunt_ogre_cave
D:9:      kennysheep_spiral_hall, layout_long_grid,
          minmay_misc_feat_more_columns
D:10:     minmay_the_grid_octo_2x2 [minmay_the_grid_octo_chip,
          minmay_the_grid_octo_77, minmay_the_grid_octo_shrine,
          minmay_the_grid_octo_prize_square_snowflake], layout_stronghold,
          minmay_increasing_density
Temple:   hellmonk_temple_forest_ring

Skill      XL: |  1  2  3  4  5  6  7  8  9 10 11 |
---------------+----------------------------------+-----
Long Blades    | 2 4 5 6 7 9 10 | 10.0
Armour         | 3 |  3.0
Dodging        | 1 3 4 6 |  6.3
Throwing       | 1 2 |  2.0
Evocations     | 1 2 |  2.0
Stealth        | 1 |  1.0
Fighting       | 5 6 7 8 10 11 | 11.0
Unarmed Combat | 3 6 |  6.0
Shields        | 3 |  3.0

Action                     |  1- 3 |  4- 6 |  7- 9 | 10-12 || total
---------------------------+-------+-------+-------+-------++-------
  Melee: Long sword        |    91 |    51 |   220 |    73 ||   435
         Punch             |       |     1 |     1 |    12 ||    14
         Scimitar          |       |       |       |   108 ||   108
  Throw: Stone             |    40 |     4 |    21 |    15 ||    80
         Javelin           |       |       |     3 |       ||     3
  Evoke: Wand              |       |       |       |     5 ||     5
    Use: Potion            |     1 |     2 |     1 |     3 ||     7
         Scroll            |       |     4 |     2 |       ||     6
 Armour: Scale mail        |    38 |     2 |       |       ||    40
         Plate armour      |       |    25 |    71 |    64 ||   160
         Leather armour    |       |       |       |    30 ||    30
  Dodge: Dodged            |    39 |    21 |   115 |   169 ||   344
  Block: Buckler           |    20 |    14 |    63 |       ||    97

Table legend: (Time is in decaauts)
 A = Elapsed time spent in this place.
 B = Non-inter-level travel time spent in this place.
 C = Inter-level travel time spent in this place.
 D = Time resting spent in this place.
 E = Time spent auto-exploring this place.
 F = Levels seen in this place.
 G = Mean time per level.
                   A        B        C        D        E       F      G
               +--------+--------+--------+--------+--------+-----+--------+
         Total |   9960 |   8849 |   1111 |   1449 |   5292 |  11 |  905.5 |
       Dungeon |   9785 |   8691 |   1094 |   1449 |   5154 |  10 |  978.5 |
        Temple |    174 |    157 |     17 |      0 |    138 |   1 |  174.0 |
               +--------+--------+--------+--------+--------+-----+--------+

Top non-repeatable levels by time:
     D:2: 1344 daAuts
     D:9: 1308 daAuts
     D:3: 1244 daAuts
     D:5: 1041 daAuts
     D:6: 935 daAuts
     D:7: 889 daAuts
     D:8: 847 daAuts
     D:1: 811 daAuts
     D:4: 728 daAuts
    D:10: 635 daAuts
  Temple: 174 daAuts
